 Dungeon Crawl Stone Soup version 0.31.0-1-g2c135a008e (webtiles) character file.

Game seed: 5231439105641533742

69586 Destapler the Metamorph (level 14, -54/113 HPs)
             Began as a Demonspawn Shapeshifter on Jan 20, 2024.
             Was the Champion of Wu Jian.
             Annihilated by an enormous slime creature (72 damage)
             ... on level 12 of the Dungeon.
             The game lasted 01:28:34 (19751 turns).

Destapler the Metamorph (Demonspawn Shapeshifter)  Turns: 19751, Time: 01:28:34

Health: -54/113    AC: 26    Str:  9    XL:     14   Next: 90%
Magic:  14/14      EV: 12    Int:  8    God:    Wu Jian [******]
Gold:   1396       SH:  9    Dex: 20    Spells: 13/13 levels left

rFire   . .          .
                       - Unarmed
rCold   . . .        (shield currently unavailable)
rNeg    + + .        i - +3 scale mail "Eghuafat" {Slay+2}
rPois   +            k - +0 helmet
rElec   .            q - +2 ratskin cloak {*Rats rPois rN+ Str-1 Int-1 Dex+1}
rCorr   .            X - melded +0 pair of gloves
SInv    .            U - +0 pair of boots
Will    ++...        Q - amulet of reflection Stlth
                     e - ring "Faser" {^Contam rPois Will+ Str-5 Slay+6}
HPRegen 0.38/turn    O - ring of positive energy
MPRegen 0.14/turn

%: reflection
@: blade hands, studying Armour
A: molten scales 2, icemail 2, condensation shield, demonic magic 2, demonic
touch 1, talons 1, agile 1, dopey 1, passive freeze
a: Begin Untransformation, Renounce Religion, Wall Jump, Serpent's Lash,
Heavenly Storm


You were on level 12 of the Dungeon.
You worshipped Wu Jian.
Wu Jian was exalted by your worship.
You had blades for hands.
You visited 3 branches of the dungeon, and saw 19 of its levels.
You also visited: Bailey.

You collected 1586 gold pieces.
You spent 190 gold pieces at shops.

Inventory:

Missiles
 p - 29 javelins (quivered)
 w - a throwing net
 x - 28 poisoned darts
 Y - 5 curare-tipped darts
Armour
 i - the +3 scale mail "Eghuafat" (worn) {Slay+2}
   (You found it on level 8 of the Dungeon)

   Slay+2:    It affects your accuracy & damage with ranged weapons and melee
   (+2).
 k - a +0 helmet (worn)
 q - the +2 ratskin cloak (worn) {*Rats rPois rN+ Str-1 Int-1 Dex+1}
   (You found it on level 2 of the Dungeon)

   *Rats:     When the wearer is hurt, rats may emerge from it to assist them.
   Str-1:     It affects your strength (-1).
   Int-1:     It affects your intelligence (-1).
   Dex+1:     It affects your dexterity (+1).
   rPois:     It protects you from poison rN+: It protects you from negative
   energy.
 U - a +0 pair of boots (worn)
 X - a +0 pair of gloves (melded)
Jewellery
 e - the ring "Faser" (left blade hand) {^Contam rPois Will+ Str-5 Slay+6}
   (You bought it in a shop on level 5 of the Dungeon)

   [ring of willpower]

   Str-5:     It affects your strength (-5).
   Slay+6:    It affects your accuracy & damage with ranged weapons and melee
   (+6).
   rPois:     It protects you from poison Will+: It increases your willpower.
   ^Contam:   It causes magical contamination when unequipped.
 y - an amulet of magic regeneration
 O - a ring of positive energy (right blade hand)
 Q - an amulet of reflection (around neck)
 S - a ring of flight
Talismans
 d - a flux talisman
 s - a maw talisman
 F - a blade talisman (active)
Wands
 a - a wand of roots (20)
 v - a wand of acid (5)
 N - a wand of polymorph (4)
 R - a wand of paralysis (17)
 V - a wand of mindburst (9)
 W - a wand of flame (16)
Scrolls
 c - a scroll of brand weapon
 f - 3 scrolls of enchant armour
 g - 5 scrolls of teleportation
 h - 2 scrolls of vulnerability
 j - a scroll of identify
 l - a scroll of poison
 o - 4 scrolls of blinking
 r - a scroll of revelation
 z - 2 scrolls of summoning
 B - 3 scrolls of fear
 K - 2 scrolls of silence
 P - a scroll of fog
Potions
 b - 3 potions of curing
 m - 2 potions of cancellation
 n - a potion of magic
 t - 3 potions of haste
 u - a potion of berserk rage
 C - 2 potions of lignification
 E - 2 potions of attraction
 I - a potion of heal wounds
 J - a potion of might
 Z - 2 potions of enlightenment


   Skills:
 + Level 11.3 Fighting
 + Level 9.4 Armour
 + Level 7.8 Dodging
 + Level 11.1 Unarmed Combat
 - Level 6.0 Evocations
 * Level 15.2 Shapeshifting


You had 13 spell levels left.
You didn't know any spells.
Your spell library contained the following spells:

 Spells                   Type           Power      Damage    Failure   Level
 Freeze                   Ice            0%         1d3       93%         1
 Kiss of Death            Conj/Necr      0%         2d5       93%         1
 Shock                    Conj/Air       0%         1d3       93%         1
 Summon Small Mammal      Summ           0%         N/A       93%         1
 Call Imp                 Summ           0%         N/A       98%         2
 Ensorcelled Hibernation  Hex/Ice        0%         N/A       98%         2
 Sublimation of Blood     Necr           0%         N/A       98%         2
 Call Canine Familiar     Summ           0%         N/A       100%        3
 Confusing Touch          Hex            0%         N/A       100%        3
 Frozen Ramparts          Ice            0%         1d1       100%        3
 Gell's Gravitas          Tloc           0%         N/A       100%        3
 Hailstorm                Conj/Ice       0%         3d5       100%        3
 Inner Flame              Hex/Fire       0%         N/A       100%        3
 Passwall                 Erth           0%         N/A       100%        3
 Sigil of Binding         Hex            0%         N/A       100%        3
 Swiftness                Air            0%         N/A       100%        3
 Teleport Other           Tloc           0%         N/A       100%        3
 Airstrike                Air            0%         2d(0-16)  100%        4
 Dimensional Bullseye     Hex/Tloc       0%         N/A       100%        4
 Dispel Undead            Necr           0%         3d6       100%        4
 Summon Blazeheart Golem  Fire/Summ      0%         N/A       100%        4
 Irradiate                Conj/Alch      0%         3d11      100%        5
 Dispersal                Tloc           0%         N/A       100%        6
 Summon Hydra             Summ           0%         N/A       100%        7
 Ignition                 Fire           0%         3d3       100%        8


Dungeon Overview and Level Annotations

Branches:
Dungeon (13/15)            Temple (1/1) D:5            Lair (5/5) D:8
  Swamp (0/4) Lair:2        Snake (0/4) Lair:3        Slime (0/5) Lair:5
    Orc (0/2) D:12         Bailey (visited)
 Vaults: D:13-14

Altars:
Ashenzari
Cheibriados
Dithmenos
Fedhas
Gozag
Hepliaklqana
Kikubaaqudgha
Makhleb
Nemelex Xobeh
Okawaru
Qazlal
Ru
Sif Muna
Trog
Uskayaw
Vehumet
Wu Jian
Xom
Yredelemnul
Jiyva
Lugonu

Shops:
D:5 =!:?*   D:8 *=??   D:13 =

Portals:
Abyss: Lair:5

Annotations:
Lair:1 2 runed translucent doors, Tinttamiau's ghost, journeyman VSBr


Innate Abilities, Weirdness & Mutations

You have blades for hands.
You are incapable of wielding weapons or throwing items.
You are mostly covered in molten scales. (AC +3)
A meltable icy envelope protects you from harm. (AC +8)
A meltable shield of frost defends you. (SH +4)
Spells you cast may paralyse nearby enemies.
Your touch may inflict minor irresistible damage on your foes.
You have sharp toenails.
You are agile. (Dex +4, Str/Int -1)
You are dopey. (Int -2)
A frigid envelope surrounds you and freezes all who hurt you.


Message History

You slash the large slime creature!
The large slime creature is moderately wounded.
Two slime creatures merge to form a very large slime creature.
Unknown command.
You slash the very large slime creature!
You touch the very large slime creature.
The very large slime creature is moderately wounded.
The very large slime creature hits you!!!
The very large slime creature is very cold.
The very large slime creature is moderately wounded.
Unknown command.
There is an escape hatch in the ceiling here.
Two slime creatures merge to form an enormous slime creature.
A mysterious force pulls you upwards. The hatch slams shut behind you.
You lunge at the enormous slime creature.
You shred the enormous slime creature!!!
You touch the enormous slime creature!
The enormous slime creature is heavily wounded.
The enormous slime creature hits you!!!
* * * LOW HITPOINT WARNING * * *
The enormous slime creature is very cold.
The enormous slime creature is heavily wounded.
The enormous slime creature attacks as it pursues you!
You block the enormous slime creature's attack.
Aiming: Wall Jump
Press: ? - help, Dir - move target You repeatedly attack the enormous slime creature from above.
You slice the enormous slime creature!!
Your slash misses the enormous slime creature.
The enormous slime creature is heavily wounded.
You slice the enormous slime creature!!
You touch the enormous slime creature!
You slash the enormous slime creature!!
The enormous slime creature is severely wounded.
The enormous slime creature hits you!!
* * * LOW HITPOINT WARNING * * *
The enormous slime creature is very cold.
The enormous slime creature is severely wounded.
The enormous slime creature hits you!!!!
Ouch! That really hurt!
You die...

### ##.## #._.#
######.######
#...........#
#######....#)...##
#...# ##..###..##
#J### ##..#..####
#@# ##.#.## #.
##°########.#.# #.
#...<=..<##.#.# #.
#..########.#.####.
#..# #...##... #..#
###'###... #..#
#...#####. #..#
#......... #..#
#########.


You could see an enormous slime creature.

Vanquished Creatures
  Snorg (Lair:5)
  A fire dragon (D:10)
  Josephine (D:11)
  An ice dragon (Lair:4)
  2 hydras
  An ogre mage (D:10)
  A boulder beetle (D:13)
  A death knight (D:10)
  2 catoblepae
  3 two-headed ogres
  A death yak (Lair:5)
  The ghost of paavali the Cleaver, a novice FoFi of Okawaru (D:10)
  3 tengu warriors
  2 centaur warriors
  4 thrashing horrors (Lair:5)
  Sonja (D:11)
  2 skysharks
  2 spriggan druids (Lair:2)
  5 ugly things
  The ghost of James the Summoner, a novice MfSu of Gozag (D:7)
  2 cyclopes
  A large abomination (Lair:5)
  3 manticores
  5 elephants
  4 black mambas
  19 cane toads
  A smoke demon (Lair:5)
  The ghost of Tizio the Covered, a novice DsFi of Okawaru (D:5)
  An unseen horror (D:10)
  A kobold demonologist (D:9)
  2 rime drakes
  An efreet (D:11)
  13 komodo dragons
  Psyche (D:9)
  A polar bear (Lair:5)
  A troll (shapeshifter) (Lair:5)
  4 trolls
  Grinder (D:3)
  5 hornets
  2 raiju (Lair:5)
  30 blink frogs
  Sigmund (D:3)
  3 shadows
  9 wraiths (D:11)
  A spriggan (Lair:5)
  3 basilisks
  66 yaks
  3 ynoxinuls (Lair:5)
  3 wyverns
  4 vampire mosquitoes
  6 steam dragons
  A chaos spawn (Lair:5)
  3 nagas (Lair:3)
  An acid dragon (shapeshifter) (Lair:5)
  Edmund (D:5)
  An acid dragon (D:8)
  14 water moccasins
  4 sky beasts
  An ice beast (D:8)
  13 orc warriors
  3 black bears
  7 wolves
  15 centaurs
  4 kobold brigands
  2 phantoms
  16 bullfrogs
  Blork the orc (D:4)
  2 gnoll sergeants
  4 scorpions
  12 small abominations (Lair:5)
  7 wights
  11 killer bees
  6 howler monkeys
  4 electric eels
  3 bombardier beetles
  3 gnoll boudas
  7 orc priests
  2 hounds
  2 jellies (Lair:5)
  Crazy Yiuf (D:7)
  A sleepcap (D:4)
  3 iguanas
  13 orc wizards
  21 gnolls
  4 adders
  A shadow imp (D:6)
  3 white imps
  2 ufetubi (D:6)
  2 dart slugs
  63 orcs
  6 ball pythons
  7 endoplasms
  4 giant cockroaches
  9 goblins
  7 hobgoblins
  3 jackals (D:5)
  19 kobolds
  A quokka (D:3)
  7 bats
  4 frilled lizards
  4 rats
569 creatures vanquished.

Vanquished Creatures (collateral kills)
  A wolf (Lair:2)
  A gnoll bouda (D:10)
  A gnoll (D:7)
  A white imp (Lair:4)
4 creatures vanquished.

Vanquished Creatures (others)
  A bullfrog (D:8)
  An orc (D:8)
2 creatures vanquished.

Grand Total: 575 creatures vanquished

Notes
Turn   | Place    | Note
-------+----------+-------------------------------------------
     0 | D:1      | Destapler the Demonspawn Shapeshifter began the quest for
                  | the Orb.
     0 | D:1      | Reached XP level 1. HP: 15/15 MP: 1/1
   343 | D:1      | Gained mutation: A meltable shield of frost defends you.
                  | (SH +4) [demonic ancestry]
   343 | D:1      | Reached XP level 2. HP: 21/21 MP: 2/2
  1080 | D:2      | Reached skill level 3 in Shapeshifting
  1080 | D:2      | Reached XP level 3. HP: 22/27 MP: 3/3
  1673 | D:2      | Found the +2 ratskin cloak {*Rats rPois rN+ Str-1 Int-1
                  | Dex+1}
  2051 | D:3      | Noticed Grinder
  2057 | D:3      | Paralysed by Grinder for 3 turns
  2061 | D:3      | Gained mutation: You are dopey. (Int -2) [potion of
                  | mutation]
  2061 | D:3      | Gained mutation: You are agile. (Dex +4, Str/Int -1)
                  | [potion of mutation]
  2061 | D:3      | Gained mutation: A frigid envelope surrounds you and
                  | freezes all who hurt you. [potion of mutation]
  2061 | D:3      | Gained mutation: You have sharp toenails. [potion of
                  | mutation]
  2071 | D:3      | Killed Grinder
  2072 | D:3      | Gained mutation: Your touch may inflict minor irresistible
                  | damage on your foes. [demonic ancestry]
  2072 | D:3      | Reached XP level 4. HP: 8/34 MP: 4/4
  2072 | D:3      | Gained mutation: A meltable icy envelope protects you from
                  | harm. (AC +8) [demonic ancestry]
  2072 | D:3      | Reached XP level 5. HP: 9/40 MP: 5/5
  2390 | D:3      | Noticed Sigmund
  2392 | D:3      | Reached XP level 6. HP: 47/47 MP: 6/6
  2419 | D:3      | Killed Sigmund
  2420 | D:3      | Reached skill level 4 in Shapeshifting
  2809 | D:4      | Noticed Blork the orc
  2815 | D:4      | Killed Blork the orc
  2816 | D:4      | Gained mutation: You are partially covered in molten
                  | scales. (AC +2) [demonic ancestry]
  2816 | D:4      | Reached XP level 7. HP: 48/54 MP: 7/7
  3124 | D:4      | Reached skill level 5 in Unarmed Combat
  3557 | D:5      | Entered Level 5 of the Dungeon
  3565 | D:5      | Found a staircase to the Ecumenical Temple.
  3693 | D:4      | Reached skill level 5 in Shapeshifting
  3789 | D:5      | Found Qysuppyi's Jewellery Shop.
  3799 | D:5      | Found Veass's Book Shoppe.
  3799 | D:5      | Found Ilee's Distillery.
  3803 | D:5      | Found Fupetic's Assorted Antiques.
  3805 | D:5      | Found Dunaucy's Magic Scroll Shoppe.
  3940 | D:5      | Noticed Edmund
  3950 | D:5      | Killed Edmund
  4018 | D:5      | Gained mutation: A meltable icy envelope protects you from
                  | harm. (AC +8) [demonic ancestry]
  4018 | D:5      | Reached XP level 8. HP: 60/60 MP: 8/8
  4021 | D:5      | Bought a warped iron ring for 170 gold pieces
  4021 | D:5      | Identified the ring "Faser" {^Contam rPois Will+ Str-5
                  | Slay+6} (You bought it in a shop on level 5 of the Dungeon)
  4029 | D:5      | Bought a scroll of identify for 20 gold pieces
  4206 | D:5      | Found a runed translucent gate.
  4206 | D:5      | Found a runed translucent gate.
  4206 | D:5      | Found a runed translucent gate.
  4212 | D:5      | Found an opulent altar of Gozag.
  4224 | D:5      | Noticed Tizio's ghost (novice DsFi)
  4224 | D:5      | Noticed a hornet
  4289 | D:5      | Found an iron altar of Okawaru.
  4296 | D:5      | Reached skill level 6 in Shapeshifting
  4922 | Temple   | Entered the Ecumenical Temple
  4943 | Temple   | Became a worshipper of the Wu Jian Council
  5132 | D:6      | Reached skill level 7 in Shapeshifting
  5160 | D:6      | Found a stormy altar of Qazlal.
  5269 | D:6      | Noticed a manticore
  5273 | D:6      | Killed a manticore
  5274 | D:6      | Gained mutation: You are mostly covered in molten scales.
                  | (AC +3) [demonic ancestry]
  5274 | D:6      | Reached XP level 9. HP: 54/66 MP: 9/9
  5653 | D:7      | Reached * piety under Wu Jian
  5659 | D:7      | Found a large runed translucent door.
  5660 | D:7      | Found a large runed translucent door.
  5667 | D:7      | Reached skill level 5 in Fighting
  5673 | D:7      | Noticed James's ghost (novice MfSu)
  5744 | D:7      | Noticed a two-headed ogre
  5750 | D:7      | Killed a two-headed ogre
  5751 | D:7      | Reached skill level 8 in Shapeshifting
  5763 | D:7      | Found a sparkling altar of Nemelex Xobeh.
  5767 | D:7      | Found a broken altar of Ashenzari.
  5773 | D:7      | Found a shimmering blue altar of Sif Muna.
  6218 | D:7      | Found a runed translucent door.
  6219 | D:7      | Noticed Crazy Yiuf
  6225 | D:7      | Killed Crazy Yiuf
  6617 | D:8      | Found Jiew's Assorted Antiques.
  6689 | D:8      | Found Puorinoz's Magic Scroll Shoppe.
  6689 | D:8      | Found Puepade's Magic Scroll Emporium.
  6689 | D:8      | Identified the +3 scale mail "Eghuafat" {Slay+2}
  6690 | D:8      | Found Agith's Jewellery Shoppe.
  6693 | D:8      | Gained mutation: Spells you cast may paralyse adjacent
                  | enemies. [demonic ancestry]
  6693 | D:8      | Reached XP level 10. HP: 42/76 MP: 10/10
  6790 | D:8      | Reached skill level 5 in Dodging
  6869 | D:8      | Found a staircase to the Lair.
  6874 | D:8      | Reached skill level 9 in Shapeshifting
  6904 | D:8      | Noticed an elephant
  6912 | D:8      | Killed an elephant
  6912 | D:8      | Reached ** piety under Wu Jian
  6975 | D:8      | Noticed a two-headed ogre
  6980 | D:8      | Killed a two-headed ogre
  7273 | D:9      | Found a flagged portal.
  7297 | Bailey   | Entered a bailey
  7641 | Bailey   | Found the +13 scythe of Curses {drain, curses, ^Drain}
  7650 | Bailey   | Reached skill level 10 in Shapeshifting
  7780 | Bailey   | Reached *** piety under Wu Jian
  8011 | Bailey   | Reached XP level 11. HP: 82/84 MP: 11/11
  8778 | D:9      | Reached skill level 1 in Armour
  8778 | D:9      | Reached skill level 1 in Evocations
  8887 | D:9      | Noticed Psyche
  8894 | D:9      | Killed Psyche
  9209 | D:9      | Identified the +4 war axe of Slow Death {heavy, Will+ Str+3
                  | Dex+3}
  9264 | D:9      | Reached **** piety under Wu Jian
  9544 | D:10     | Entered Level 10 of the Dungeon
  9642 | D:10     | Noticed paavali's ghost (novice FoFi)
  9645 | D:10     | Noticed a tengu warrior
  9676 | D:10     | Found an opulent altar of Gozag.
  9835 | D:5      | Killed Tizio's ghost
  9923 | D:7      | Killed James's ghost
 10140 | D:10     | Found a runed translucent gate.
 10141 | D:10     | Found a runed translucent gate.
 10143 | D:10     | Found a runed translucent gate.
 10440 | D:10     | Noticed a death knight
 10440 | D:10     | Noticed an ogre mage
 10452 | D:10     | Killed an ogre mage
 10453 | D:10     | Reached skill level 5 in Armour
 10459 | D:10     | Noticed a tengu warrior
 10464 | D:10     | Noticed a seven-headed hydra
 10464 | D:10     | Noticed a fire dragon
 10468 | D:10     | Killed a death knight
 10472 | D:10     | Killed a seven-headed hydra
 10473 | D:10     | Reached XP level 12. HP: 58/95 MP: 12/12
 10523 | D:10     | HP: 3/95 [fire dragon/blast of flame (46)]
 10525 | D:10     | Killed a fire dragon
 10819 | D:10     | Identified the +1 whip of Kehuemynil {vamp, rElec rF++
                  | SInv}
 10854 | D:10     | Killed a tengu warrior
 11038 | Lair:1   | Entered Level 1 of the Lair of Beasts
 11246 | Lair:1   | Reached skill level 11 in Shapeshifting
 11282 | Lair:1   | Reached skill level 10 in Fighting
 11284 | Lair:1   | Reached ***** piety under Wu Jian
 11315 | Lair:1   | Found a large runed translucent door.
 11315 | Lair:1   | Found a large runed translucent door.
 11317 | Lair:1   | Noticed Tinttamiau's ghost (journeyman VSBr)
 11500 | Lair:1   | Found a sacrificial altar of Ru.
 11593 | Lair:1   | Reached skill level 10 in Unarmed Combat
 11885 | Lair:2   | Reached skill level 12 in Shapeshifting
 12406 | Lair:2   | Reached XP level 13. HP: 88/103 MP: 13/13
 12416 | Lair:2   | Found a staircase to the Swamp.
 12731 | Lair:2   | Reached skill level 13 in Shapeshifting
 13299 | Lair:3   | Identified the +2 dagger of Moluorut {flame, ^Contam +Blink
                  | rCorr Dex+2}
 13407 | Lair:3   | Found a staircase to the Snake Pit.
 14044 | Lair:4   | Reached skill level 14 in Shapeshifting
 15365 | Lair:5   | Entered Level 5 of the Lair of Beasts
 15645 | Lair:5   | Reached skill level 5 in Evocations
 15807 | Lair:5   | Gained mutation: Spells you cast may paralyse nearby
                  | enemies. [demonic ancestry]
 15807 | Lair:5   | Reached XP level 14. HP: 111/111 MP: 14/14
 15846 | Lair:5   | Found a staircase to the Slime Pits.
 15875 | Lair:5   | Found a viscous altar of Jiyva.
 15972 | Lair:5   | Reached ****** piety under Wu Jian
 16618 | Lair:5   | Noticed Snorg
 16624 | Lair:5   | Killed Snorg
 16841 | Lair:5   | HP: 4/111 [smoke demon/divine providence (13)]
 17037 | Lair:5   | Found a corrupted altar of Lugonu.
 17037 | Lair:5   | Found a one-way gate to the infinite horrors of the Abyss.
 17591 | D:10     | Killed paavali's ghost
 17974 | D:11     | Noticed Josephine
 17988 | D:11     | Killed Josephine
 18151 | D:11     | Noticed Sonja
 18158 | D:11     | Killed Sonja
 18159 | D:11     | Reached skill level 15 in Shapeshifting
 18231 | D:11     | Identified the staff of the Final Decision {rElec rPois
                  | Alchemy}
 18782 | D:12     | Identified the +1 robe of Dygaog {Harm rPois rN+ Str-2}
 18809 | D:12     | Identified the +4 morningstar of Linearity {speed, Fly
                  | rPois rC- SInv}
 19101 | D:12     | Found a staircase to the Orcish Mines.
 19729 | D:13     | Found Episeok's Jewellery Shoppe.
 19751 | D:12     | Annihilated by an enormous slime creature

Illustrated notes

Levels and vault maps discovered:
D:1:      reono_arrival_mine, layout_basic
D:2:      layout_basic
D:3:      minmay_angry_zag, layout_basic, uniq_sigmund, uniq_grinder
D:4:      layout_loops_cross, uniq_blork_the_orc
D:5:      layout_basic, okawaru_altar_gauntlet_db,
          minmay_temple_entry_drinking_statues, ebering_ghost_gozag,
          serial_shops, shop_statue, minmay_shop_grid_forest,
          saegor_snake_ambush, uniq_edmund
D:6:      layout_rooms, nicolae_qazlal_scattered_showers,
          nicolae_zig_zag_zippers
D:7:      layout_basic, grunt_temple_overflow_diamond,
          ebering_ghost_disaster_area, chequers_serial_rivers_marsh,
          uniq_crazy_yiuf_cottage
D:8:      layout_rooms, grunt_lair_entry_orc_guard_hut, nicolae_wooded_promenade
D:9:      layout_loops_cross, enter_bailey_2, hangedman_misty_isle, uniq_psyche
D:10:     minmay_blocky_corners, layout_long_grid, grunt_gozag_breadcrumbs,
          gammafunk_ghost_split
D:11:     layout_small_grid, evilmike_minifort, uniq_sonja, uniq_josephine
D:12:     layout_loops_ring, orc_0_dummy, nicolae_tso_swordbearing_angel
D:13:     layout_basic, david_vaults_1, serial_shops, shop_statue,
          portal_ice_cave_entry_pillars_1, minmay_orc_keep
Temple:   nicolae_temple_bog_church
Lair:1:   layout_cellular_growth, ebering_ghost_disaster_area, basic_altar,
          grunt_megastairs_1
Lair:2:   layout_cave_pods, mainiacjoe_swamp_entry_angry_trees, st_stairs_3
Lair:3:   layout_regular_city, guppyfry_snake_entry_island
Lair:4:   layout_layer_cave, bobbens_ice_dragon_lair, serial_bayou_shore_b,
          grunt_megastairs_4, infiniplex_staircase_pool
Lair:5:   hellmonk_lair_end_abyssal_woods, layout_layer_cave,
          nicolae_slime_entry_field_trip, nicolae_lair_yak_garden, uniq_snorg

Skill      XL: |  1  2  3  4  5  6  7  8  9 10 11 12 13 14 |
---------------+-------------------------------------------+-----
Dodging        | 2 3 4 6 7 |  7.8
Unarmed Combat | 3 4 5 6 7 8 9 10 11 | 11.1
Shapeshifting  | 3 4 5 7 8 10 12 14 15 | 15.2
Fighting       | 2 3 4 5 7 9 10 11 | 11.3
Armour         | 5 6 7 9 |  9.4
Evocations     | 4 5 6 |  6.0

Action                     |  1- 3 |  4- 6 |  7- 9 | 10-12 | 13-15 || total
---------------------------+-------+-------+-------+-------+-------++-------
  Melee: Unarmed           |    97 |    37 |   205 |   456 |   640 ||  1435
         Kick              |     4 |    13 |    59 |   167 |   224 ||   467
         Punch             |     1 |     1 |     1 |    20 |    42 ||    65
         Touch             |       |     6 |    38 |    84 |   132 ||   260
         Maw               |       |       |       |    70 |   109 ||   179
  Throw: Dart              |       |       |       |    21 |       ||    21
 Invoke: Serpent's Lash    |       |       |       |     1 |       ||     1
Ability: Begin Untransform |     3 |       |       |     2 |     1 ||     6
         Lunge             |       |       |    16 |    77 |    78 ||   171
         Whirlwind         |       |       |    31 |   160 |   233 ||   424
         Wall Jump         |       |       |       |       |     2 ||     2
    Use: Potion            |     3 |       |     3 |     2 |     3 ||    11
         Scroll            |     7 |       |    10 |     3 |     7 ||    27
   Stab: Sleeping          |     3 |     1 |     1 |       |     1 ||     6
         Invisible         |       |       |     3 |       |       ||     3
         Distracted        |       |       |       |     1 |       ||     1
         Petrified         |       |       |       |       |    15 ||    15
         Petrifying        |       |       |       |       |     2 ||     2
 Armour: Animal skin       |    25 |       |       |       |       ||    25
         Skin              |     1 |       |    26 |    73 |   176 ||   276
         Ring mail         |     6 |    21 |    58 |       |       ||    85
         Steam dragon scal |       |       |    40 |       |       ||    40
         Scale mail        |       |       |       |   236 |   144 ||   380
  Dodge: Dodged            |    42 |    16 |   137 |   243 |   283 ||   721
  Block: Other             |    14 |     4 |    27 |    39 |    76 ||   160
         Reflection        |       |       |       |       |     4 ||     4
   Form: Beast             |     3 |       |       |     3 |       ||     6
         Flux              |       |       |     1 |     1 |     1 ||     3
                           |       |       |       |     1 |       ||     1
         Maw               |       |       |       |     1 |     1 ||     2
         Blade             |       |       |       |       |     2 ||     2
